 Dungeon Crawl Stone Soup version 0.27-a0-1189-gb8eb6ce (webtiles) character file.

Game seed: 11340020212204249898

4431 GeorgeSoros the Stinger (level 10, -3/79 HPs)
             Began as a Gnoll Wanderer on May 22, 2021.
             Was a Believer of Qazlal.
             Slain by a wraith (4 damage)
             ... on level 9 of the Dungeon.
             The game lasted 00:30:49 (9356 turns).

GeorgeSoros the Stinger (Gnoll Wanderer)            Turns: 9356, Time: 00:30:50

Health: -3/79      AC:  6    Str: 11    XL:     10   Next: 36%
Magic:  11/19      EV: 12    Int: 17    God:    Qazlal [**....]
Gold:   420        SH:  3    Dex: 10    Spells: 10/21 levels left

rFire    . . .     SeeInvis .   l - +11 whip of Defenestration {vorpal, rElec rN+}
rCold    + . .     Faith    .   (no shield)
rNeg     + . .     Spirit   .   s - +0 leather armour {rC+}
rPois    .         Reflect  .   (no helmet)
rElec    +         Harm     .   (no cloak)
rCorr    .         Rampage  .   (no gloves)
Will     .....                  j - +2 pair of boots
Stlth    ++........             x - amulet of magic regeneration
HPRegen  0.23/turn              o - ring of wizardry
MPRegen  0.41/turn              (no ring)

@: slowed, very slow
A: fangs 1, strong nose, distributed training
a: Renounce Religion, Upheaval


You were on level 9 of the Dungeon.
You worshipped Qazlal.
Qazlal was pleased with you.
You visited 2 branches of the dungeon, and saw 10 of its levels.

You collected 420 gold pieces.

Inventory:

Hand Weapons
 a - a +5 hand axe
 l - the +11 whip of Defenestration (weapon) {vorpal, rElec rN+}
   (You found it on level 4 of the Dungeon)

   It inflicts extra damage upon your enemies.
   It insulates you from electricity.
   It protects you from negative energy.
Missiles
 w - 4 curare-tipped darts
Armour
 d - a +1 robe
 j - a +2 pair of boots (worn)
 k - a +0 scale mail
 n - a +0 leather armour
 s - a +0 leather armour of cold resistance (worn)
Jewellery
 o - a ring of wizardry (left hand)
 x - an amulet of magic regeneration (around neck)
Wands
 p - a wand of digging (4)
 t - a wand of charming (5)
 v - a wand of acid (12)
Scrolls
 h - 3 scrolls of enchant armour
 i - a scroll of enchant weapon
 q - 4 scrolls of identify
 r - 2 scrolls of teleportation
Potions
 b - a potion of brilliance
 c - 2 potions of mutation
 e - 4 potions of heal wounds
 f - a potion of curing
 g - 2 potions of resistance
 m - a potion of lignification
 u - a potion of might {unknown}


   Skills:
 + Level 7.0 Fighting
 + Level 5.9 Short Blades
 + Level 5.2 Long Blades
 + Level 5.2 Axes
 + Level 5.2 Maces & Flails
 + Level 5.2 Polearms
 + Level 5.2 Staves
 + Level 5.2 Slings
 + Level 5.2 Bows
 + Level 5.2 Crossbows
 + Level 5.2 Throwing
 + Level 5.2 Armour
 + Level 5.2 Dodging
 + Level 5.2 Stealth
 + Level 7.0 Shields
 + Level 5.2 Unarmed Combat
 + Level 6.0 Spellcasting
 + Level 4.3 Conjurations
 + Level 4.3 Hexes
 + Level 4.3 Summonings
 + Level 4.3 Necromancy
 + Level 4.3 Translocations
 + Level 4.3 Transmutations
 + Level 4.8 Fire Magic
 + Level 4.3 Ice Magic
 + Level 4.3 Air Magic
 + Level 4.3 Earth Magic
 + Level 7.0 Poison Magic
 + Level 5.7 Invocations
 + Level 5.2 Evocations


You had 10 spell levels left.
You knew the following spells:

 Your Spells              Type           Power      Damage    Failure   Level
a - Sting                 Tmut/Pois      96%        1d7       1%          1
b - Ignite Poison         Fire/Tmut/Pois 23%        N/A       2%          3
c - Mephitic Cloud        Conj/Pois/Air  22%        N/A       2%          3
d - Olgreb's Toxic Radia  Pois           29%        N/A       3%          4

Your spell library contained the following spells:

 Spells                   Type           Power      Damage    Failure   Level
 Foxfire                  Conj/Fire      80%        2x1d8     1%          1
 Magic Dart               Conj           76%        1d6       1%          1
 Sandblast                Erth           38%        2d10      1%          1
 Shock                    Conj/Air       76%        1d7       1%          1
 Blink                    Tloc           N/A        N/A       1%          2
 Call Imp                 Summ           19%        N/A       1%          2
 Poisonous Vapours        Pois/Air       48%        N/A       1%          2
 Slow                     Hex            19%        N/A       1%          2
 Static Discharge         Conj/Air       19%        N/A       1%          2
 Conjure Flame            Conj/Fire      20%        6-21      3%          3
 Stone Arrow              Conj/Erth      38%        3d9       3%          3
 Swiftness                Air            19%        N/A       3%          3
 Airstrike                Air            9%         N/A       12%         4
 Lightning Bolt           Conj/Air       9%         1d22      30%         5


Dungeon Overview and Level Annotations

Branches:
Dungeon (9/15)             Temple (1/1) D:4
   Lair: D:8-11         Orc: D:9-12

Altars:
Ashenzari
Cheibriados
Elyvilon
Gozag
Hepliaklqana
Kikubaaqudgha
Makhleb
Okawaru
Qazlal
Ru
Trog
Uskayaw
Vehumet
Wu Jian
Yredelemnul
Zin
The Shining One

Shops:
D:6 *=(


Innate Abilities, Weirdness & Mutations

You have very sharp teeth.
Your uncanny sense of smell can sniff out nearby items.
Your experience applies equally to all skills.


Message History

You feel yourself slow down.
Casting: Ignite Poison (mildly dangerous; 2% risk of failure)
Confirm with . or Enter, or press ? or * to list all spells.
You can't see any susceptible monsters within range! (Use Z to cast anyway.)
Casting: Ignite Poison (mildly dangerous; 2% risk of failure)
Confirm with . or Enter, or press ? or * to list all spells.
Aiming: Mephitic Cloud (mildly dangerous; 2% risk of failure)
Press: ? - help, Shift-Dir - straight line, f - wraith
Aim: a wraith (not susceptible)
The ball explodes into a vile cloud!
The stinking cloud engulfs the wraith but does no damage.
The stinking cloud engulfs you but does no damage.
You hear a shout! x2
You block the wraith's attack. x2
You hear a shout!
You hear a shout! x2
The wraith hits you! The wraith drains your vigour!
You feel as though you will be slow longer.
The wraith hits you but does no damage.
Casting: Mephitic Cloud (mildly dangerous; 2% risk of failure)
Confirm with . or Enter, or press ? or * to list all spells.
Aiming: Mephitic Cloud (mildly dangerous; 2% risk of failure)
Press: ? - help, Shift-Dir - straight line, f/p - wraith
Aim: a wraith (not susceptible)
The ball explodes into a vile cloud!
The stinking cloud engulfs the wraith but does no damage.
The stinking cloud engulfs you but does no damage.
The stinking cloud engulfs the two-headed ogre but does no damage.
The two-headed ogre is moderately wounded.
You hear a shout!
The two-headed ogre is engulfed in noxious fumes.
The wraith hits you!
The two-headed ogre is engulfed in noxious fumes.
The two-headed ogre hits you with a +0 giant spiked club!
The two-headed ogre hits you with a +0 giant spiked club!!
* * * LOW HITPOINT WARNING * * *
Unknown command.
The two-headed ogre is engulfed in noxious fumes.
The two-headed ogre appears confused.
The wraith hits you.
You die...

.# #...# .# #...# ###### .#
#...# ...... .#####...#######
)....( ...............#
####.)..$. ...............#
..).)). )..............# .y).
######...#.############)#######
#...#......@W°☼...........
#...###.#.#§#☼#.#.#.#.#.#.
#...# #.....O.#.).)...# #...#
################# #.......#
#[###.#.# # #....# .......
..#..##.


You could see a two-headed ogre (confused) and a wraith.

Vanquished Creatures
  Pikel (D:5)
  A manticore (D:9)
  A kobold demonologist (D:8)
  A wyvern (D:8)
  4 yaks (D:9)
  A vampire (D:9)
  Duvessa (D:7)
  2 water moccasins
  An ice beast (D:6)
  2 orc warriors
  2 sky beasts
  A necrophage (D:7)
  2 ogres (D:5)
  A lemure (D:5)
  8 kobold brigands
  A bullfrog (D:8)
  2 scorpions
  Dowan (D:7)
  A killer bee (D:9)
  A howler monkey (D:5)
  3 hounds
  3 jellies
  A centaur skeleton (D:4)
  An orc priest (D:4)
  3 iguanas
  3 orc wizards
  A howler monkey zombie (D:9)
  4 adders
  2 shadow imps (D:8)
  An ufetubus (D:5)
  5 dart slugs
  20 orcs
  5 endoplasms
  A giant cockroach (D:4)
  7 goblins
  8 hobgoblins
  8 jackals
  3 quokkas
  7 ball pythons
  8 bats
  3 frilled lizards (D:1)
  36 kobolds
  6 kobold skeletons (D:8)
  12 kobold zombies (D:8)
  3 rats
189 creatures vanquished.

Notes
Turn   | Place    | Note
-------+----------+-------------------------------------------
     0 | D:1      | GeorgeSoros the Gnoll Wanderer began the quest for the Orb.
     0 | D:1      | GeorgeSoros set off with the following items: a +0 club, a
                  | +0 robe; and the following spells available to memorise:
                  | Sting, Poisonous Vapours, Foxfire, Sandblast, Ignite
                  | Poison, Olgreb's Toxic Radiance, Mephitic Cloud, Conjure
                  | Flame, Stone Arrow
     0 | D:1      | Reached XP level 1. HP: 20/20 MP: 4/4
    11 | D:1      | Learned a level 1 spell: Sting
   156 | D:1      | Reached XP level 2. HP: 19/26 MP: 1/5
   340 | D:1      | You fall into a shaft and drop 1 floor!
   773 | D:1      | Reached XP level 3. HP: 30/31 MP: 5/7
  1270 | D:2      | Found a glowing golden altar of the Shining One.
  1410 | D:2      | Reached skill level 1 in Invocations
  2029 | D:3      | Reached skill level 1 in Long Blades
  2029 | D:3      | Reached skill level 1 in Axes
  2029 | D:3      | Reached skill level 1 in Maces & Flails
  2029 | D:3      | Reached skill level 1 in Polearms
  2029 | D:3      | Reached skill level 1 in Staves
  2029 | D:3      | Reached skill level 1 in Slings
  2029 | D:3      | Reached skill level 1 in Bows
  2029 | D:3      | Reached skill level 1 in Crossbows
  2029 | D:3      | Reached skill level 1 in Throwing
  2029 | D:3      | Reached skill level 1 in Armour
  2029 | D:3      | Reached skill level 1 in Dodging
  2029 | D:3      | Reached skill level 1 in Stealth
  2029 | D:3      | Reached skill level 1 in Unarmed Combat
  2029 | D:3      | Reached skill level 1 in Evocations
  2029 | D:3      | Reached XP level 4. HP: 35/38 MP: 3/8
  2211 | D:3      | Reached skill level 1 in Conjurations
  2211 | D:3      | Reached skill level 1 in Hexes
  2211 | D:3      | Reached skill level 1 in Summonings
  2211 | D:3      | Reached skill level 1 in Necromancy
  2211 | D:3      | Reached skill level 1 in Translocations
  2211 | D:3      | Reached skill level 1 in Transmutations
  2211 | D:3      | Reached skill level 1 in Ice Magic
  2211 | D:3      | Reached skill level 1 in Air Magic
  2211 | D:3      | Reached skill level 1 in Earth Magic
  2554 | D:3      | Found a glowing golden altar of the Shining One.
  3550 | D:4      | Reached XP level 5. HP: 16/43 MP: 4/9
  3979 | D:4      | Identified the +11 whip of Defenestration {vorpal, rElec
                  | rN+}
  4195 | D:4      | Found a bloodstained altar of Trog.
  4362 | D:4      | Learned a level 3 spell: Ignite Poison
  4562 | D:4      | Found a staircase to the Ecumenical Temple.
  4571 | Temple   | Entered the Ecumenical Temple
  4721 | Temple   | Became a worshipper of Qazlal Stormbringer
  4781 | D:5      | Entered Level 5 of the Dungeon
  4859 | D:5      | Noticed an ogre
  4859 | D:5      | Noticed an ogre
  4870 | D:5      | Killed an ogre
  4871 | D:5      | Reached XP level 6. HP: 50/50 MP: 4/11
  4876 | D:5      | Reached skill level 5 in Fighting
  4876 | D:5      | Reached skill level 5 in Shields
  4985 | D:5      | Found a radiant altar of Vehumet.
  5138 | D:5      | Noticed Pikel
  5157 | D:5      | Killed Pikel
  5158 | D:5      | Reached XP level 7. HP: 52/56 MP: 5/13
  5228 | D:5      | Found an ornate altar of the Wu Jian Council.
  5287 | D:5      | Found a broken altar of Ashenzari.
  5288 | D:5      | Found an opulent altar of Gozag.
  5341 | D:5      | Reached XP level 8. HP: 63/63 MP: 12/14
  5365 | D:5      | Found an iron altar of Okawaru.
  5505 | D:6      | Found Fiocuj's Antique Weapon Emporium.
  5558 | D:6      | Learned a level 3 spell: Mephitic Cloud
  5563 | D:6      | Learned a level 4 spell: Olgreb's Toxic Radiance
  5735 | D:6      | Found Umygub's Jewellery Shoppe.
  5995 | D:6      | Found Wuank's General Store.
  6914 | D:7      | Reached XP level 9. HP: 69/69 MP: 10/16
  7116 | D:7      | Noticed Duvessa
  7118 | D:7      | Noticed Dowan
  7126 | D:7      | Killed Duvessa
  7131 | D:7      | Killed Dowan
  7621 | D:8      | Reached skill level 5 in Spellcasting
  8073 | D:8      | Reached skill level 5 in Short Blades
  8213 | D:8      | Reached * piety under Qazlal
  8450 | D:8      | Reached skill level 5 in Invocations
  8455 | D:8      | Reached ** piety under Qazlal
  8459 | D:8      | Noticed a kobold demonologist
  8469 | D:8      | Noticed a sun demon
  8469 | D:8      | Killed a kobold demonologist
  8616 | D:8      | Found an ancient bone altar of Kikubaaqudgha.
  8781 | D:9      | Reached XP level 10. HP: 77/77 MP: 11/18
  8856 | D:9      | Reached skill level 5 in Long Blades
  8856 | D:9      | Reached skill level 5 in Axes
  8856 | D:9      | Reached skill level 5 in Maces & Flails
  8856 | D:9      | Reached skill level 5 in Polearms
  8856 | D:9      | Reached skill level 5 in Staves
  8856 | D:9      | Reached skill level 5 in Slings
  8856 | D:9      | Reached skill level 5 in Bows
  8856 | D:9      | Reached skill level 5 in Crossbows
  8856 | D:9      | Reached skill level 5 in Throwing
  8856 | D:9      | Reached skill level 5 in Armour
  8856 | D:9      | Reached skill level 5 in Dodging
  8856 | D:9      | Reached skill level 5 in Stealth
  8856 | D:9      | Reached skill level 5 in Unarmed Combat
  8856 | D:9      | Reached skill level 5 in Evocations
  9070 | D:9      | Noticed a manticore
  9078 | D:9      | Killed a manticore
  9345 | D:9      | Noticed a two-headed ogre
  9355 | D:9      | HP: 1/79 [two-headed ogre/+0 giant spiked club (27)]
  9356 | D:9      | Slain by a wraith

Illustrated notes

Levels and vault maps discovered:
D:1:      heliophobic_arrival_henge, layout_basic, chequers_mini_garden
D:2:      layout_basic, basic_altar
D:3:      layout_basic, tso_oasis_becter
D:4:      layout_cave_pods, nicolae_overflow_crystal_walls,
          lemuel_temple_firewalk_a
D:5:      layout_cave_pools, okawaru_gym_becter, old_standard_altar,
          chequers_temple_overflow_statue_of_worship, uniq_pikel
D:6:      layout_basic, serial_shops, shop, shop_fountains, shop,
          grunt_ministairs_2, bh_walls_and_bars
D:7:      wander_river, layout_cave_pods, kennysheep_cluttered_room,
          uniq_duvessa
D:8:      wander_kiku_kobolds, layout_cave_pools
D:9:      layout_loops_cross, hangedman_minor_gate_pass
Temple:   dpeg_chambers_temple

Skill      XL: |  1  2  3  4  5  6  7  8  9 10 |
---------------+-------------------------------+-----
Fire Magic     | 2 3 4 |  4.8
Invocations    | 1 2 3 4 5 |  5.7
Long Blades    | 1 2 3 4 5 |  5.2
Axes           | 1 2 3 4 5 |  5.2
Maces & Flails | 1 2 3 4 5 |  5.2
Polearms       | 1 2 3 4 5 |  5.2
Staves         | 1 2 3 4 5 |  5.2
Slings         | 1 2 3 4 5 |  5.2
Bows           | 1 2 3 4 5 |  5.2
Crossbows      | 1 2 3 4 5 |  5.2
Throwing       | 1 2 3 4 5 |  5.2
Armour         | 1 2 3 4 5 |  5.2
Dodging        | 1 2 3 4 5 |  5.2
Stealth        | 1 2 3 4 5 |  5.2
Unarmed Combat | 1 2 3 4 5 |  5.2
Evocations     | 1 2 3 4 5 |  5.2
Spellcasting   | 3 4 5 6 |  6.0
Conjurations   | 1 2 3 4 |  4.3
Hexes          | 1 2 3 4 |  4.3
Summonings     | 1 2 3 4 |  4.3
Necromancy     | 1 2 3 4 |  4.3
Translocations | 1 2 3 4 |  4.3
Transmutations | 1 2 3 4 |  4.3
Ice Magic      | 1 2 3 4 |  4.3
Air Magic      | 1 2 3 4 |  4.3
Earth Magic    | 1 2 3 4 |  4.3
Short Blades   | 3 4 5 |  5.9
Fighting       | 5 6 7 |  7.0
Shields        | 5 6 7 |  7.0
Poison Magic   | 6 7 |  7.0

Action                   |  1- 3 |  4- 6 |  7- 9 | 10-12 || total
-------------------------+-------+-------+-------+-------++-------
Melee: Short sword       |     4 |       |       |       ||     4
       Hand axe          |    21 |    26 |       |       ||    47
       Bite              |     1 |     5 |     8 |     3 ||    17
       Whip              |       |    26 |    96 |    21 ||   143
       Punch             |       |     1 |       |       ||     1
 Cast: Sting             |    43 |    57 |    44 |     5 ||   149
       Ignite Poison     |       |     4 |    21 |     6 ||    31
       Mephitic Cloud    |       |       |    16 |     6 ||    22
       Olgreb's Toxic Ra |       |       |     4 |     2 ||     6
  Use: Scroll            |     7 |     5 |     5 |       ||    17
 Stab: Sleeping          |     1 |       |       |       ||     1
       Confused          |       |       |       |     1 ||     1
Armor: Robe              |     5 |    11 |       |       ||    16
       Leather armour    |       |     9 |    25 |     4 ||    38
Dodge: Dodged            |    21 |    48 |    46 |     8 ||   123
Block: Other             |       |       |     3 |     6 ||     9

Table legend: (Time is in decaauts)
 A = Elapsed time spent in this place.
 B = Non-inter-level travel time spent in this place.
 C = Inter-level travel time spent in this place.
 D = Time resting spent in this place.
 E = Time spent auto-exploring this place.
 F = Levels seen in this place.
 G = Mean time per level.
                   A        B        C        D        E       F      G
               +--------+--------+--------+--------+--------+-----+--------+
         Total |   9389 |   9066 |    323 |    238 |   7476 |  10 |  938.9 |
       Dungeon |   9217 |   8914 |    303 |    238 |   7353 |   9 | 1024.1 |
        Temple |    171 |    151 |     20 |      0 |    123 |   1 |  171.0 |
               +--------+--------+--------+--------+--------+-----+--------+

Top non-repeatable levels by time:
     D:3: 1736 daAuts
     D:7: 1296 daAuts
     D:8: 1210 daAuts
     D:4: 1154 daAuts
     D:1: 1002 daAuts
     D:6: 870 daAuts
     D:2: 727 daAuts
     D:5: 721 daAuts
     D:9: 497 daAuts
  Temple: 171 daAuts
